 Dungeon Crawl Stone Soup version 0.27-a0-1502-g47ed6a6988 (webtiles) character file.

Game seed: 123324780488645433

598 wakim the Chiller (level 7, -4/33 (36) HPs)
             Began as a Deep Elf Ice Elementalist on July 8, 2021.
             Slain by a wight (11 damage)
             ... on level 5 of the Dungeon.
             The game lasted 00:22:11 (5591 turns).

wakim the Chiller (Deep Elf Ice Elementalist)       Turns: 5591, Time: 00:22:11

HP:   -4/33 (36)    AC:  4    Str:  5    XL:     7   Next: 17%
MP:   7/14          EV: 14    Int: 22    God:
Gold: 213           SH:  0    Dex: 15    Spells: 5/13 levels left

rFire    . . .     SeeInvis .   f - +0 mace
rCold    . . .     Faith    .   (no shield)
rNeg     + . .     Spirit   .   d - +1 robe
rPois    .         Reflect  .   (no helmet)
rElec    .         Harm     .   (no cloak)
rCorr    .         Rampage  .   (no gloves)
Will     .....                  l - +0 pair of boots
Stlth    +++.......             e - amulet of regeneration
HPRegen  1.11/turn              b - ring of positive energy
MPRegen  0.14/turn              (no ring)

@: drained
A: no striking features
a: no special abilities


You were on level 5 of the Dungeon.
You visited 1 branch of the dungeon, and saw 5 of its levels.

You collected 213 gold pieces.

Inventory:

Hand Weapons
 a - a +0 dagger
 f - a +0 mace (weapon)
Armour
 d - a +1 robe (worn)
 l - a +0 pair of boots (worn)
Jewellery
 b - a ring of positive energy (left hand)
 e - an amulet of regeneration (around neck)
 h - an amulet of reflection
Potions
 c - a potion of cancellation {unknown}
 g - 2 potions of might {unknown}
 i - 2 potions of heal wounds {unknown}
 j - a potion of berserk rage {unknown}
 F - 3 potions of curing


   Skills:
 + Level 4.9 Dodging
 - Level 4.0 Stealth
 + Level 3.9 Spellcasting
 + Level 3.0 Conjurations
 - Level 2.4 Transmutations
 * Level 2.1 Fire Magic
 * Level 6.1 Ice Magic


You had 5 spell levels left.
You knew the following spells:

 Your Spells              Type           Power      Damage    Failure   Level
a - Freeze                Ice            100%       1d11      1%          1
b - Frozen Ramparts       Ice            62%        1d8       2%          3
c - Ozocubu's Armour      Ice            31%        N/A       2%          3
d - Foxfire               Conj/Fire      60%        2x1d7     3%          1

Your spell library contained the following spells:

 Spells                   Type           Power      Damage    Failure   Level
 Ensorcelled Hibernation  Hex/Ice        34%        N/A       4%          2
 Animate Skeleton         Necr           8%         N/A       12%         1
 Apportation              Tloc           8%         N/A       12%         1
 Corona                   Hex            4%         N/A       12%         1
 Summon Small Mammal      Summ           16%        N/A       12%         1
 Conjure Flame            Conj/Fire      15%        6-21      12%         3
 Hailstorm                Conj/Ice       24%        3d7       17%         4
 Inner Flame              Hex/Fire       9%         N/A       22%         3
 Tukima's Dance           Hex            4%         N/A       34%         3
 Fireball                 Conj/Fire      7%         3d5       71%         5
 Irradiate                Conj/Tmut      8%         3d16      71%         5
 Blade Hands              Tmut           7%         N/A       75%         5
 Starburst                Conj/Fire      7%         8x6d4     99%         6
 Dragon Form              Tmut           7%         N/A       100%        7
 Ignition                 Fire           6%         3d4       100%        8


Dungeon Overview and Level Annotations

Branches:
Dungeon (5/15)
 Temple: D:4-7

Altars:
Nemelex Xobeh

Annotations:
D:3 Sigmund
D:4 Dowan


Message History

The foxfire hits the wight.
The wight is moderately damaged.
Casting: Ozocubu's Armour (dangerous; 2% risk of failure)
Confirm with . or Enter, or press ? or * to list all spells.
You conjure some foxfire!
The wight completely misses you. The wight misses you.
Casting: Foxfire (safe; 3% risk of failure)
Confirm with . or Enter, or press ? or * to list all spells.
You conjure some foxfire!
The foxfire hits the wight.
The wight is heavily damaged.
The foxfire hits the wight.
The wight is heavily damaged.
The foxfire hits the wight but does no damage.
The wight is heavily damaged.
The wight hits you with a +1 flail!
Casting: Foxfire (safe; 3% risk of failure)
Confirm with . or Enter, or press ? or * to list all spells.
You conjure some foxfire!
The foxfire hits the wight.
The wight is severely damaged.
The wight hits you with a +1 flail!
* * * LOW HITPOINT WARNING * * *
The wight hits you with a +4 great sword of freezing!
* * * LOW HITPOINT WARNING * * *
You partially resist.
You feel drained.
* * * LOW HITPOINT WARNING * * *
The wight freezes you.
* * * LOW HITPOINT WARNING * * *
Unknown command.
Unknown command.
Your icy armour will break if you move.
Continue?
Your foxfire dissipates!
Your icy armour cracks and falls away as you move.
The foxfire hits the wight but does no damage.
The wight is moderately damaged.
You hear the slow rusting of a distant drain.
The wight hits you with a +1 flail.
* * * LOW HITPOINT WARNING * * *
You partially resist.
You feel drained. The wight closely misses you.
You completely miss the butterfly. The wight hits you with a +1 flail!
You die...

#............ ..# .
#..#..... ..##..## ...
#..#...####......# #.
#...#.......##....#.# #..
.............##.....##...
.......................
.......##..z.......#.# ..
...........zz####.....# ...
...##.......@##.......##...
.......≈≈≈≈≈b≈#...8..8.....
....≈≈≈≈≈≈≈≈≈≈≈≈≈.8b.8.....
..≈≈≈≈≈≈≈≈≈≈≈≈≈≈≈≈≈..≈.....
≈≈≈≈≈≈≈≈≈≈≈≈≈≈≈≈≈≈≈..≈≈≈...
≈≈≈≈≈≈≈≈≈##.≈≈≈≈≈≈≈..≈≈≈≈≈≈
≈≈≈≈≈≈..###....≈≈≈≈..≈≈≈≈≈≈
≈≈≈≈...†..........≈..≈≈≈≈≈≈
###..##..<..>.....8..8≈≈≈≈≈


You could see 3 wights.

Vanquished Creatures
  Duvessa (D:4)
  A black bear (D:5)
  A phantom (D:4)
  A scorpion (D:5)
  A jelly (D:4)
  A bullfrog skeleton (D:4)
  An iguana (D:4)
  Natasha (twice) (D:4)
  A hound skeleton (D:4)
  4 adders
  An adder zombie (D:2)
  An adder skeleton (D:2)
  A worm (D:2)
  4 dart slugs
  4 orcs
  6 ball pythons
  2 bat skeletons (D:2)
  5 endoplasms
  2 giant cockroaches
  4 goblins
  3 hobgoblins (D:1)
  6 jackals (D:4)
  2 quokkas (D:1)
  A ball python skeleton (D:2)
  A ball python zombie (D:2)
  5 bats
  A frilled lizard (D:1)
  6 kobolds
  6 rats
75 creatures vanquished.

Vanquished Creatures (others)
  15 foxfires (D:5)
15 creatures vanquished.

Grand Total: 90 creatures vanquished

Notes
Turn   | Place    | Note
-------+----------+-------------------------------------------
     0 | D:1      | wakim the Deep Elf Ice Elementalist began the quest for the
                  | Orb.
     0 | D:1      | Reached XP level 1. HP: 10/10 MP: 6/6
   378 | D:1      | Reached XP level 2. HP: 13/15 MP: 5/8
  1259 | D:2      | Reached XP level 3. HP: 19/19 MP: 9/9
  1275 | D:2      | Learned a level 3 spell: Frozen Ramparts
  1279 | D:2      | Learned a level 3 spell: Ozocubu's Armour
  1552 | D:2      | Reached skill level 5 in Ice Magic
  2300 | D:3      | Reached XP level 4. HP: 24/24 MP: 6/10
  2599 | D:3      | Noticed Sigmund
  2602 | D:3      | Found a sparkling altar of Nemelex Xobeh.
  3103 | D:4      | Reached skill level 1 in Conjurations
  3143 | D:4      | Noticed Duvessa
  3153 | D:4      | Noticed Dowan
  3441 | D:4      | Killed Duvessa
  3442 | D:4      | Reached skill level 1 in Transmutations
  3442 | D:4      | Reached XP level 5. HP: 25/28 MP: 2/11
  3638 | D:4      | Reached XP level 6. HP: 23/32 MP: 8/12
  4780 | D:4      | Learned a level 1 spell: Foxfire
  4982 | D:4      | Noticed Natasha
  4985 | D:4      | Killed Natasha
  5120 | D:4      | Noticed Natasha
  5131 | D:4      | Killed Natasha
  5132 | D:4      | Reached skill level 1 in Fire Magic
  5132 | D:4      | Reached skill level 6 in Ice Magic
  5438 | D:5      | Entered Level 5 of the Dungeon
  5457 | D:5      | Reached XP level 7. HP: 20/36 MP: 3/14
  5591 | D:5      | Slain by a wight

Illustrated notes

Levels and vault maps discovered:
D:1:      dpeg_arrival_round_a, layout_loops_ring, minmay_misc_feat_iff,
          bh_walls_and_bars
D:2:      layout_loops_cross, serial_undead, serial_undead_c, serial_undead_d,
          serial_undead_a, serial_undead_a, serial_undead_b, serial_undead_a,
          serial_undead_e, serial_undead_a
D:3:      layout_rooms, nemelex_dance_club_becter, minmay_misc_feat_doors,
          uniq_sigmund
D:4:      layout_basic, corexii_item_surrounded_by_moat, uniq_natasha,
          uniq_duvessa
D:5:      wander_river, layout_cave_pools, minmay_temple_entry_butterflies,
          serial_shops, shop_fountains, serial_column_ruins,
          column_ruins_hut_ruined, column_ruins_hut, column_ruins_open_tiny,
          column_ruins_grid_3, column_ruins_corridor_straight,
          column_ruins_open_tiny, column_ruins_open_large,
          column_ruins_corridor_corner, column_ruins_columns_dead_end,
          portal_sewer_entry_d

Skill      XL: |  1  2  3  4  5  6 |
---------------+-------------------+-----
Dodging        | 3 4 |  4.9
Stealth        | 3 4 |  4.0
Ice Magic      | 5 6 |  6.1
Conjurations   | 2 3 |  3.0
Transmutations | 1 2 |  2.4
Fire Magic     | 2 |  2.1
Spellcasting   | |  3.9

Action                   |  1- 3 |  4- 6 |  7- 9 || total
-------------------------+-------+-------+-------++-------
Melee: Dagger            |    80 |   267 |       ||   347
       Mace              |       |    22 |     1 ||    23
 Cast: Freeze            |    33 |    11 |       ||    44
       Frozen Ramparts   |    11 |    31 |       ||    42
       Ozocubu's Armour  |       |     5 |     1 ||     6
       Foxfire           |       |     4 |     5 ||     9
  Use: Scroll            |     2 |     5 |       ||     7
 Stab: Sleeping          |     1 |     2 |       ||     3
Armor: Robe              |    27 |    48 |       ||    75
Dodge: Dodged            |    94 |   196 |     3 ||   293

Table legend: (Time is in decaauts)
 A = Elapsed time spent in this place.
 B = Non-inter-level travel time spent in this place.
 C = Inter-level travel time spent in this place.
 D = Time resting spent in this place.
 E = Time spent auto-exploring this place.
 F = Levels seen in this place.
 G = Mean time per level.
                   A        B        C        D        E       F      G
               +--------+--------+--------+--------+--------+-----+--------+
         Total |   5601 |   5216 |    385 |    154 |   3572 |   5 | 1120.2 |
       Dungeon |   5601 |   5216 |    385 |    154 |   3572 |   5 | 1120.2 |
               +--------+--------+--------+--------+--------+-----+--------+

Top non-repeatable levels by time:
     D:4: 2503 daAuts
     D:1: 1163 daAuts
     D:3: 895 daAuts
     D:2: 886 daAuts
     D:5: 153 daAuts
